[ AOE2 MATCH · #480308505 ]
UnrankedKoreans vs Huns
[ REPLAY ANALYSIS · EXTRACTED FROM THE RECORDED GAME ]
Feudal
10:53
Castle
23:53
Imperial
39:10
| APM avg | 40.4 |
| APM peak | 77 |
| eAPM avg | 17.7 |
| Villagers / military | 135 / 101 |
Focus
⚔️ 36.1% · 🌾 63.9%
Archer ×91 · Iron Pagoda ×7 · Bombard Cannon ×3
Feudal
—
Castle
—
Imperial
—
| APM avg | 0.1 |
| APM peak | 2 |
| eAPM avg | 0.1 |
| Villagers / military | 0 / 0 |
Feudal
11:20
Castle
18:54
Imperial
40:47
| APM avg | 29.7 |
| APM peak | 75 |
| eAPM avg | 18.8 |
| Villagers / military | 134 / 64 |
Focus
⚔️ 21.2% · 🌾 78.8%
Knight ×32 · Mangonel ×15 · Teutonic Knight ×10 · Spearman ×5 · Trebuchet (Packed) ×2
Feudal
9:23
Castle
23:27
Imperial
37:11
| APM avg | 48.0 |
| APM peak | 102 |
| eAPM avg | 23.7 |
| Villagers / military | 102 / 83 |
Focus
⚔️ 27.1% · 🌾 72.9%
Cavalry Archer ×39 · Skirmisher ×24 · Magyar Huszar ×9 · Scout Cavalry ×6 · Spearman ×2 · Trebuchet (Packed) ×2
Feudal
11:41
Castle
24:13
Imperial
—
| APM avg | 22.0 |
| APM peak | 65 |
| eAPM avg | 14.7 |
| Villagers / military | 107 / 63 |
Focus
⚔️ 23.1% · 🌾 76.9%
Cavalry Archer ×22 · Archer ×15 · Gbeto ×8 · Skirmisher ×6 · Militia ×5 · Mangonel ×5
Feudal
—
Castle
—
Imperial
—
| APM avg | 26.7 |
| APM peak | 53 |
| eAPM avg | 12.1 |
| Villagers / military | 94 / 84 |
Focus
⚔️ 26.8% · 🌾 73.2%
Skirmisher ×29 · Militia ×24 · Samurai ×14 · Battering Ram ×10 · Spearman ×6 · Monk ×1
Match map
Initial resources + every placement click. Lines = walls · curves = elevation contours. ◆ gold · ⬟ stone · ● berries · ✦ relic · ◌ wall gap
Your base· ✓ Closed at 23:53 · 59t walls · no gate
JuaNSoSi's base· Open — unwalled flank
femust's base· Open — 6t gap
Hero's base· Open — 7t gap
Tw3nty9's base· Open — unwalled flank
Firestorm1043's base· Open — 6t gap
Smoothed initial terrain · ◌ = detected wall gap · hover for details
Inputs per minute
— postfontaine - - JuaNSoSi
Build order — postfontaine
First 150 of 347 actions detected
| 0:00 | Create | Villager (Male) |
| 0:00 | Create | Villager (Male) |
| 0:01 | Create | Villager (Male) |
| 0:02 | Build | House |
| 0:04 | Build | House |
| 0:04 | Create | Villager (Male) |
| 0:04 | Create | Villager (Male) |
| 1:30 | Create | Villager (Male) |
| 1:49 | Build | Lumber Camp |
| 2:08 | Create | Villager (Male) |
| 2:16 | Create | Villager (Male) |
| 2:48 | Create | Villager (Male) |
| 3:04 | Create | Villager (Male) |
| 3:27 | Build | House |
| 3:34 | Create | Villager (Male) |
| 4:16 | Build | Palisade Wall |
| 4:24 | Create | Villager (Male) |
| 4:24 | Create | Villager (Male) |
| 4:28 | Create | Villager (Male) |
| 4:58 | Build | House |
| 5:18 | Create | Villager (Male) |
| 5:21 | Create | Villager (Male) |
| 5:37 | Build | Palisade Wall |
| 5:37 | Create | Villager (Male) |
| 5:38 | Create | Villager (Male) |
| 5:47 | Create | Villager (Male) |
| 5:57 | Build | Mill |
| 5:59 | Create | Villager (Male) |
| 6:07 | Build | Palisade Wall |
| 6:14 | Create | Villager (Male) |
| 6:24 | Create | Villager (Male) |
| 6:35 | Create | Villager (Male) |
| 6:44 | Build | House |
| 7:14 | Create | Villager (Male) |
| 7:16 | Build | Palisade Wall |
| 7:22 | Build | Palisade Wall |
| 7:23 | Create | Villager (Male) |
| 7:46 | Create | Villager (Male) |
| 7:54 | Build | Palisade Wall |
| 8:05 | Build | Palisade Wall |
| 8:08 | Create | Villager (Male) |
| 8:21 | Create | Villager (Male) |
| 8:25 | Build | Palisade Wall |
| 8:27 | Build | Palisade Wall |
| 8:38 | Build | Palisade Wall |
| 8:43 | Research | Feudal Age |
| 8:44 | Research | Feudal Age |
| 8:44 | Create | Villager (Male) |
| 9:10 | Create | Villager (Male) |
| 9:23 | Build | Palisade Wall |
| 9:36 | Build | Palisade Wall |
| 9:37 | Create | Villager (Male) |
| 9:48 | Build | Palisade Wall |
| 9:49 | Build | Palisade Wall |
| 10:02 | Build | Mining Camp |
| 10:27 | Build | Lumber Camp |
| 10:37 | Create | Villager (Male) |
| 10:53 | Age | Feudal Age |
| 10:59 | Build | Barracks |
| 11:02 | Create | Villager (Male) |
| 11:09 | Build | Blacksmith |
| 11:15 | Create | Villager (Male) |
| 11:51 | Build | Archery Range |
| 11:52 | Create | Villager (Male) |
| 11:52 | Create | Villager (Male) |
| 12:17 | Create | Villager (Male) |
| 12:29 | Build | House |
| 12:30 | Build | House |
| 12:34 | Create | Archer |
| 12:34 | Create | Archer |
| 12:34 | Create | Archer |
| 12:34 | Create | Archer |
| 12:43 | Build | Farm |
| 12:56 | Build | Farm |
| 13:11 | Build | Farm |
| 13:21 | Create | Archer |
| 13:25 | Create | Villager (Male) |
| 13:31 | Build | House |
| 13:36 | Build | Farm |
| 13:42 | Research | Double-Bit Axe |
| 14:09 | Create | Villager (Male) |
| 14:11 | Build | House |
| 14:13 | Build | House |
| 14:16 | Build | Farm |
| 14:33 | Build | Archery Range |
| 14:34 | Create | Villager (Male) |
| 14:48 | Build | Farm |
| 15:15 | Create | Villager (Male) |
| 15:15 | Create | Villager (Male) |
| 15:15 | Create | Villager (Male) |
| 15:16 | Create | Villager (Male) |
| 15:16 | Create | Villager (Male) |
| 15:17 | Build | Farm |
| 15:20 | Build | House |
| 15:26 | Build | Farm |
| 15:40 | Research | Fletching |
| 15:41 | Create | Villager (Male) |
| 15:55 | Build | Palisade Wall |
| 15:55 | Create | Villager (Male) |
| 16:07 | Build | Farm |
| 16:09 | Build | Farm |
| 16:33 | Create | Villager (Male) |
| 16:45 | Build | Farm |
| 16:45 | Build | Farm |
| 16:46 | Build | Farm |
| 16:47 | Build | Farm |
| 16:51 | Research | Horse Collar |
| 17:00 | Create | Archer ×5 |
| 17:01 | Create | Archer ×4 |
| 17:01 | Create | Archer ×4 |
| 17:29 | Create | Villager (Male) |
| 17:30 | Create | Villager (Male) |
| 17:34 | Build | Mill |
| 17:35 | Build | Farm |
| 17:36 | Build | Farm |
| 17:56 | Research | Loom |
| 17:59 | Create | Villager (Male) |
| 17:59 | Create | Villager (Male) |
| 18:01 | Build | Farm |
| 18:10 | Build | Lumber Camp |
| 18:13 | Create | Villager (Male) |
| 18:13 | Create | Villager (Male) |
| 18:18 | Create | Archer ×2 |
| 18:18 | Create | Archer ×2 |
| 18:38 | Create | Archer |
| 19:25 | Create | Villager (Male) |
| 19:26 | Create | Villager (Male) |
| 19:28 | Build | Archery Range |
| 19:34 | Research | Gold Mining |
| 19:43 | Build | Market |
| 20:07 | Create | Villager (Male) |
| 20:07 | Create | Villager (Male) |
| 20:08 | Create | Villager (Male) |
| 20:11 | Create | Villager (Male) |
| 20:11 | Create | Villager (Male) |
| 20:17 | Build | House |
| 20:18 | Build | House |
| 20:47 | Create | Villager (Male) |
| 20:49 | Build | Archery Range |
| 20:50 | Create | Villager (Male) |
| 20:56 | Research | Castle Age |
| 21:02 | Build | House |
| 21:33 | Create | Villager (Male) |
| 21:34 | Create | Villager (Male) |
| 21:34 | Create | Villager (Male) |
| 22:07 | Build | Farm |
| 22:07 | Build | Farm |
| 22:08 | Build | Farm |
| 22:13 | Build | Outpost |
| 22:33 | Create | Villager (Male) |
Build order — JuaNSoSi
0 actions detected in the replay
Build order — femust
First 150 of 254 actions detected
| 0:01 | Create | Villager (Male) |
| 0:01 | Create | Villager (Male) |
| 0:02 | Create | Villager (Male) |
| 0:04 | Build | House |
| 0:05 | Build | House |
| 0:15 | Create | Villager (Male) |
| 0:15 | Create | Villager (Male) |
| 1:26 | Research | Loom |
| 1:31 | Create | Villager (Male) |
| 1:31 | Create | Villager (Male) |
| 1:54 | Build | Lumber Camp |
| 2:01 | Create | Villager (Male) |
| 2:25 | Create | Villager (Male) |
| 2:48 | Research | Loom |
| 2:53 | Create | Villager (Male) |
| 3:16 | Create | Villager (Male) |
| 3:56 | Build | Mill |
| 4:00 | Create | Villager (Male) |
| 4:00 | Create | Villager (Male) |
| 4:25 | Create | Villager (Male) |
| 4:25 | Create | Villager (Male) |
| 4:54 | Create | Villager (Male) |
| 4:55 | Create | Villager (Male) |
| 5:06 | Build | House |
| 5:29 | Create | Villager (Male) |
| 6:21 | Create | Villager (Male) |
| 7:05 | Create | Villager (Male) |
| 7:09 | Create | Villager (Male) |
| 7:17 | Build | House |
| 7:38 | Create | Villager (Male) |
| 7:46 | Build | Farm |
| 8:01 | Create | Villager (Male) |
| 8:01 | Create | Villager (Male) |
| 8:45 | Create | Villager (Male) |
| 8:47 | Research | Feudal Age |
| 8:59 | Build | Mining Camp |
| 10:13 | Build | House |
| 10:40 | Create | Villager (Male) |
| 10:41 | Create | Villager (Male) |
| 11:07 | Build | Barracks |
| 11:20 | Age | Feudal Age |
| 11:33 | Build | Blacksmith |
| 12:10 | Build | Market |
| 12:21 | Build | Farm |
| 12:27 | Build | Palisade Wall |
| 12:32 | Create | Villager (Male) |
| 12:32 | Create | Villager (Male) |
| 12:47 | Create | Villager (Male) |
| 12:57 | Build | Farm |
| 12:58 | Build | Farm |
| 13:00 | Build | Farm |
| 13:02 | Build | Farm |
| 13:13 | Build | Farm |
| 13:21 | Build | House |
| 13:29 | Build | House |
| 13:31 | Build | House |
| 13:33 | Build | House |
| 13:45 | Build | Palisade Wall |
| 13:50 | Create | Villager (Male) |
| 13:51 | Create | Villager (Male) |
| 14:31 | Create | Villager (Male) |
| 14:52 | Build | Palisade Wall |
| 14:57 | Build | Farm |
| 15:02 | Create | Spearman |
| 15:02 | Create | Spearman |
| 15:16 | Build | House |
| 15:41 | Build | House |
| 15:43 | Build | House |
| 16:14 | Research | Castle Age |
| 16:25 | Build | Palisade Wall |
| 16:40 | Create | Spearman |
| 17:21 | Create | Villager (Male) |
| 17:33 | Build | House |
| 17:46 | Build | Palisade Wall |
| 17:54 | Build | Farm |
| 17:59 | Build | Farm |
| 18:08 | Build | Farm |
| 18:10 | Create | Villager (Male) |
| 18:28 | Build | Palisade Wall |
| 18:38 | Build | Palisade Wall |
| 18:54 | Age | Castle Age |
| 19:08 | Build | Town Center |
| 19:16 | Build | Town Center |
| 19:17 | Create | Villager (Male) |
| 19:21 | Research | Double-Bit Axe |
| 19:24 | Research | Horse Collar |
| 19:35 | Build | Palisade Gate |
| 20:21 | Build | Farm |
| 20:52 | Create | Villager (Male) |
| 20:58 | Create | Villager (Male) ×5 |
| 21:10 | Build | Palisade Wall |
| 21:16 | Create | Villager (Male) |
| 21:18 | Create | Villager (Male) ×5 |
| 21:23 | Build | Farm |
| 21:25 | Build | Farm |
| 21:25 | Build | Farm |
| 21:25 | Build | Farm |
| 21:26 | Build | Farm |
| 21:26 | Build | Farm |
| 21:27 | Build | Farm |
| 21:28 | Build | Farm |
| 21:36 | Build | Farm |
| 21:37 | Build | Farm |
| 21:37 | Build | Farm |
| 21:37 | Build | Farm |
| 21:38 | Build | Farm |
| 21:43 | Build | Farm |
| 21:45 | Create | Villager (Male) ×2 |
| 21:49 | Build | Farm |
| 21:53 | Build | Farm |
| 22:08 | Build | Palisade Wall |
| 22:16 | Build | Farm |
| 22:18 | Build | Farm |
| 22:29 | Create | Villager (Male) |
| 22:31 | Create | Villager (Male) ×2 |
| 22:42 | Build | Farm |
| 22:43 | Build | Farm |
| 22:56 | Build | Farm |
| 22:57 | Build | Farm |
| 23:06 | Research | Wheelbarrow |
| 23:38 | Create | Villager (Male) ×4 |
| 23:43 | Build | Farm |
| 23:44 | Build | Farm |
| 23:55 | Create | Villager (Male) ×2 |
| 24:19 | Build | Town Center |
| 24:22 | Create | Villager (Male) ×3 |
| 24:27 | Build | Farm |
| 24:29 | Create | Spearman |
| 24:30 | Create | Spearman |
| 25:03 | Create | Villager (Male) ×5 |
| 25:07 | Build | Farm |
| 25:09 | Build | Farm |
| 25:13 | Create | Villager (Male) ×3 |
| 25:34 | Research | Bow Saw |
| 25:40 | Build | Farm |
| 25:47 | Build | Farm |
| 25:48 | Build | Farm |
| 25:49 | Build | Farm |
| 25:54 | Research | Gold Mining |
| 25:56 | Create | Villager (Male) ×2 |
| 26:03 | Build | Farm |
| 26:07 | Create | Villager (Male) ×2 |
| 26:10 | Build | Farm |
| 26:14 | Build | Farm |
| 26:18 | Build | Farm |
| 26:46 | Build | Monastery |
| 26:47 | Create | Villager (Male) ×5 |
| 26:51 | Create | Villager (Male) ×4 |
| 27:13 | Build | Palisade Wall |
| 27:18 | Build | House |
Build order — Hero
First 150 of 300 actions detected
| 0:02 | Create | Villager (Male) |
| 0:02 | Create | Villager (Male) |
| 0:04 | Build | House |
| 0:06 | Build | House |
| 0:22 | Create | Villager (Male) |
| 0:44 | Create | Villager (Male) |
| 1:28 | Create | Villager (Male) |
| 1:46 | Build | Lumber Camp |
| 2:09 | Create | Villager (Male) |
| 2:32 | Create | Villager (Male) |
| 2:58 | Create | Villager (Male) |
| 3:25 | Create | Villager (Male) |
| 3:33 | Build | House |
| 3:57 | Create | Villager (Male) |
| 3:58 | Create | Villager (Male) |
| 4:22 | Build | Mill |
| 4:52 | Create | Villager (Male) |
| 4:52 | Create | Villager (Male) |
| 5:48 | Create | Villager (Male) |
| 5:50 | Create | Villager (Male) |
| 6:45 | Create | Villager (Male) |
| 6:48 | Research | Loom |
| 7:05 | Research | Feudal Age |
| 7:49 | Build | House |
| 8:26 | Build | Barracks |
| 8:54 | Create | Villager (Male) |
| 9:23 | Age | Feudal Age |
| 9:28 | Create | Villager (Male) |
| 9:34 | Build | Stable |
| 9:49 | Create | Villager (Male) |
| 10:43 | Create | Villager (Male) |
| 10:44 | Create | Villager (Male) |
| 10:47 | Create | Scout Cavalry |
| 10:47 | Create | Scout Cavalry |
| 10:49 | Create | Spearman |
| 10:56 | Build | House |
| 11:22 | Research | Double-Bit Axe |
| 11:45 | Build | House |
| 11:49 | Create | Scout Cavalry |
| 12:13 | Build | Blacksmith |
| 12:18 | Create | Scout Cavalry |
| 12:29 | Create | Villager (Male) |
| 12:33 | Build | Farm |
| 12:37 | Build | Farm |
| 12:46 | Build | Farm |
| 12:51 | Build | Farm |
| 12:55 | Build | Farm |
| 12:59 | Build | Farm |
| 13:13 | Build | Market |
| 13:22 | Create | Villager (Male) |
| 13:49 | Create | Villager (Male) |
| 13:54 | Build | Mining Camp |
| 13:55 | Create | Villager (Male) |
| 14:13 | Build | Farm |
| 14:20 | Build | House |
| 14:27 | Create | Villager (Male) |
| 14:48 | Build | House |
| 14:55 | Create | Villager (Male) |
| 15:32 | Create | Villager (Male) |
| 15:32 | Create | Villager (Male) |
| 16:02 | Create | Villager (Male) |
| 16:02 | Create | Villager (Male) |
| 16:16 | Build | House |
| 17:26 | Create | Villager (Male) |
| 17:26 | Create | Villager (Male) |
| 17:30 | Research | Horse Collar |
| 17:36 | Build | Farm |
| 17:37 | Build | Farm |
| 17:37 | Build | Farm |
| 17:40 | Build | Farm |
| 17:49 | Research | Bloodlines |
| 18:10 | Build | Palisade Wall |
| 18:12 | Create | Villager (Male) |
| 18:35 | Research | Scale Barding Armor |
| 19:27 | Create | Villager (Male) |
| 19:27 | Create | Villager (Male) |
| 19:31 | Build | Farm |
| 19:57 | Create | Villager (Male) |
| 19:58 | Create | Villager (Male) |
| 20:18 | Create | Villager (Male) |
| 20:43 | Build | Farm |
| 20:44 | Research | Castle Age |
| 21:14 | Create | Scout Cavalry |
| 21:14 | Create | Scout Cavalry |
| 21:30 | Build | Lumber Camp |
| 21:32 | Create | Villager (Male) |
| 21:35 | Create | Spearman |
| 22:03 | Build | House |
| 22:04 | Build | House |
| 22:12 | Build | Mining Camp |
| 22:18 | Research | Stone Mining |
| 23:11 | Build | House |
| 23:27 | Age | Castle Age |
| 23:39 | Build | Town Center |
| 24:00 | Build | Town Center |
| 24:01 | Create | Villager (Male) |
| 24:02 | Create | Villager (Male) |
| 24:08 | Build | Archery Range |
| 24:15 | Build | Archery Range |
| 24:18 | Create | Villager (Male) |
| 24:19 | Create | Villager (Male) |
| 24:19 | Create | Villager (Male) |
| 24:39 | Research | Bow Saw |
| 25:00 | Build | University |
| 25:04 | Research | Fletching |
| 25:10 | Build | Farm |
| 25:11 | Build | Farm |
| 25:17 | Create | Villager (Male) |
| 25:19 | Create | Villager (Male) |
| 25:20 | Create | Villager (Male) |
| 25:35 | Create | Villager (Male) |
| 25:35 | Create | Villager (Male) |
| 25:36 | Create | Villager (Male) |
| 25:36 | Create | Villager (Male) |
| 25:42 | Build | Farm |
| 25:47 | Research | Husbandry |
| 26:04 | Create | Cavalry Archer |
| 26:04 | Create | Cavalry Archer |
| 26:05 | Create | Cavalry Archer |
| 26:15 | Research | Bodkin Arrow |
| 26:27 | Create | Villager (Male) |
| 26:36 | Create | Cavalry Archer |
| 26:37 | Create | Cavalry Archer |
| 26:49 | Create | Villager (Male) |
| 26:49 | Create | Villager (Male) |
| 26:55 | Create | Villager (Male) |
| 27:05 | Create | Villager (Male) |
| 27:07 | Create | Villager (Male) |
| 27:10 | Build | Farm |
| 27:15 | Build | Farm |
| 27:23 | Build | Monastery |
| 27:28 | Create | Cavalry Archer |
| 27:29 | Create | Cavalry Archer |
| 27:36 | Create | Villager (Male) |
| 27:36 | Create | Villager (Male) |
| 27:41 | Build | Farm |
| 27:42 | Build | Farm |
| 27:47 | Build | Farm |
| 27:51 | Research | Padded Archer Armor |
| 28:01 | Create | Cavalry Archer |
| 28:02 | Create | Cavalry Archer |
| 28:11 | Create | Monk |
| 28:21 | Build | Farm |
| 28:24 | Build | Farm |
| 28:30 | Build | Mining Camp |
| 28:37 | Build | House |
| 28:39 | Build | House |
| 28:40 | Build | House |
| 29:03 | Build | Farm |
| 29:05 | Create | Villager (Male) |
Build order — Tw3nty9
First 150 of 264 actions detected
| 0:02 | Create | Villager (Male) |
| 0:03 | Create | Villager (Male) |
| 0:03 | Create | Villager (Male) |
| 0:03 | Create | Villager (Male) |
| 0:07 | Build | House |
| 0:07 | Build | House |
| 1:33 | Build | Lumber Camp |
| 1:46 | Create | Villager (Male) |
| 1:46 | Create | Villager (Male) |
| 2:36 | Create | Villager (Male) |
| 2:36 | Create | Villager (Male) |
| 2:52 | Research | Loom |
| 2:52 | Create | Villager (Male) |
| 2:52 | Create | Villager (Male) |
| 3:34 | Create | Villager (Male) |
| 3:34 | Create | Villager (Male) |
| 4:44 | Create | Villager (Male) |
| 5:21 | Create | Villager (Male) |
| 5:21 | Create | Villager (Male) |
| 5:22 | Create | Villager (Male) |
| 5:29 | Build | House |
| 5:30 | Build | House |
| 5:38 | Create | Villager (Male) |
| 5:49 | Build | Mill |
| 6:49 | Create | Villager (Male) |
| 6:49 | Create | Villager (Male) |
| 7:20 | Build | Barracks |
| 7:24 | Create | Villager (Male) |
| 7:40 | Create | Villager (Male) |
| 7:40 | Create | Villager (Male) |
| 7:49 | Create | Villager (Male) |
| 7:59 | Build | House |
| 8:01 | Build | House |
| 8:45 | Create | Villager (Male) |
| 8:45 | Create | Villager (Male) |
| 9:07 | Build | Mill |
| 9:19 | Research | Feudal Age |
| 9:30 | Create | Militia |
| 9:30 | Create | Militia |
| 9:31 | Create | Militia |
| 9:37 | Build | House |
| 9:57 | Create | Militia |
| 10:21 | Build | House |
| 10:24 | Build | House |
| 10:53 | Build | Mining Camp |
| 10:58 | Create | Villager (Male) |
| 10:58 | Create | Villager (Male) |
| 11:17 | Create | Militia |
| 11:41 | Create | Villager (Male) |
| 11:41 | Create | Villager (Male) |
| 11:41 | Age | Feudal Age |
| 11:52 | Build | Watch Tower |
| 12:01 | Create | Villager (Male) |
| 12:02 | Create | Villager (Male) |
| 12:05 | Research | Double-Bit Axe |
| 12:49 | Build | Mining Camp |
| 12:54 | Create | Villager (Male) |
| 12:54 | Create | Villager (Male) |
| 13:19 | Create | Villager (Male) |
| 13:19 | Create | Villager (Male) |
| 13:32 | Build | Archery Range |
| 13:54 | Create | Villager (Male) |
| 13:54 | Create | Villager (Male) |
| 14:20 | Create | Archer |
| 14:20 | Create | Archer |
| 14:20 | Create | Archer |
| 14:20 | Create | Archer |
| 14:27 | Create | Archer |
| 14:27 | Create | Archer |
| 14:52 | Build | Lumber Camp |
| 14:59 | Create | Archer |
| 15:09 | Create | Archer |
| 15:09 | Create | Archer |
| 15:42 | Build | Farm |
| 15:42 | Build | Farm |
| 15:42 | Build | Farm |
| 15:42 | Build | Farm |
| 15:56 | Create | Archer |
| 16:02 | Create | Villager (Male) |
| 16:02 | Create | Villager (Male) |
| 16:02 | Create | Villager (Male) |
| 16:16 | Build | Farm |
| 16:21 | Create | Villager (Male) |
| 16:31 | Build | House |
| 16:32 | Build | House |
| 16:33 | Build | House |
| 16:40 | Create | Archer |
| 17:25 | Build | Farm |
| 17:28 | Create | Villager (Male) |
| 17:33 | Build | Market |
| 17:41 | Create | Archer |
| 17:42 | Create | Archer |
| 17:53 | Create | Archer |
| 17:53 | Create | Archer |
| 17:58 | Create | Villager (Male) |
| 17:58 | Create | Villager (Male) |
| 18:05 | Research | Horse Collar |
| 18:48 | Build | Mining Camp |
| 19:31 | Build | Blacksmith |
| 19:58 | Create | Skirmisher |
| 19:58 | Create | Skirmisher |
| 19:59 | Create | Skirmisher |
| 19:59 | Create | Skirmisher |
| 19:59 | Create | Skirmisher |
| 19:59 | Create | Skirmisher |
| 21:33 | Research | Castle Age |
| 22:15 | Build | Lumber Camp |
| 23:34 | Create | Villager (Male) |
| 24:13 | Age | Castle Age |
| 24:19 | Build | Town Center |
| 24:31 | Create | Villager (Male) |
| 24:31 | Create | Villager (Male) |
| 24:38 | Create | Cavalry Archer |
| 24:39 | Create | Cavalry Archer |
| 24:40 | Create | Cavalry Archer |
| 24:40 | Create | Cavalry Archer |
| 24:41 | Create | Cavalry Archer |
| 24:41 | Create | Cavalry Archer |
| 24:55 | Create | Villager (Male) |
| 24:55 | Create | Villager (Male) |
| 25:20 | Create | Cavalry Archer |
| 25:20 | Create | Cavalry Archer |
| 25:39 | Create | Villager (Male) |
| 25:39 | Create | Villager (Male) |
| 25:54 | Build | Farm |
| 25:55 | Build | Farm |
| 26:02 | Create | Villager (Male) |
| 26:03 | Create | Villager (Male) |
| 26:10 | Create | Cavalry Archer |
| 26:32 | Build | Siege Workshop |
| 26:45 | Create | Villager (Male) |
| 26:45 | Create | Villager (Male) |
| 26:51 | Build | Farm |
| 26:52 | Build | Farm |
| 27:04 | Create | Cavalry Archer |
| 27:10 | Create | Villager (Male) |
| 27:10 | Create | Villager (Male) |
| 27:43 | Build | Town Center |
| 27:52 | Research | Wheelbarrow |
| 28:14 | Build | House |
| 28:15 | Build | House |
| 28:18 | Build | House |
| 28:26 | Create | Mangonel |
| 28:39 | Create | Villager (Male) |
| 28:39 | Create | Villager (Male) |
| 29:19 | Create | Villager (Male) |
| 29:56 | Create | Villager (Male) |
| 29:56 | Create | Villager (Male) |
| 30:03 | Create | Villager (Male) |
| 30:03 | Create | Villager (Male) |
Build order — Firestorm1043
First 150 of 277 actions detected
| 0:02 | Create | Villager (Male) |
| 0:03 | Build | House |
| 0:05 | Build | House |
| 0:06 | Create | Villager (Male) |
| 0:06 | Create | Villager (Male) |
| 0:06 | Create | Villager (Male) |
| 0:06 | Create | Villager (Male) |
| 1:29 | Create | Villager (Male) |
| 1:53 | Build | Lumber Camp |
| 2:02 | Create | Villager (Male) |
| 2:29 | Create | Villager (Male) |
| 2:50 | Create | Villager (Male) |
| 3:13 | Create | Villager (Male) |
| 3:24 | Build | House |
| 3:26 | Build | House |
| 3:40 | Create | Villager (Male) |
| 4:26 | Create | Villager (Male) |
| 4:37 | Build | Mill |
| 4:50 | Create | Villager (Male) |
| 5:31 | Create | Villager (Male) |
| 5:31 | Create | Villager (Male) |
| 5:34 | Create | Villager (Male) |
| 5:34 | Create | Villager (Male) |
| 5:48 | Research | Loom |
| 6:54 | Build | Mining Camp |
| 7:20 | Build | Barracks |
| 7:26 | Research | Feudal Age |
| 8:32 | Build | House |
| 8:37 | Build | Palisade Wall |
| 8:39 | Create | Militia |
| 8:39 | Create | Militia |
| 8:39 | Create | Militia |
| 9:23 | Build | Mill |
| 9:29 | Create | Villager (Male) |
| 9:29 | Create | Villager (Male) |
| 9:49 | Research | Man-at-Arms (upgrade) |
| 9:56 | Build | Blacksmith |
| 10:26 | Build | House |
| 10:41 | Research | Scale Mail Armor |
| 10:44 | Create | Militia |
| 11:03 | Create | Villager (Male) |
| 11:13 | Build | House |
| 11:16 | Build | Palisade Wall |
| 11:48 | Create | Villager (Male) |
| 11:49 | Create | Villager (Male) |
| 11:53 | Build | House |
| 12:02 | Build | Palisade Wall |
| 12:12 | Research | Arson |
| 12:13 | Create | Villager (Male) |
| 12:17 | Build | Farm |
| 13:15 | Create | Villager (Male) |
| 13:15 | Create | Villager (Male) |
| 13:20 | Build | House |
| 14:08 | Create | Villager (Male) |
| 14:08 | Create | Villager (Male) |
| 14:11 | Build | Farm |
| 14:14 | Build | House |
| 14:16 | Research | Double-Bit Axe |
| 14:19 | Create | Spearman |
| 14:30 | Research | Horse Collar |
| 14:37 | Build | Palisade Wall |
| 14:41 | Build | Palisade Wall |
| 15:04 | Build | House |
| 15:07 | Create | Villager (Male) |
| 15:09 | Create | Villager (Male) |
| 15:21 | Build | Lumber Camp |
| 15:24 | Build | Archery Range |
| 15:29 | Build | Farm |
| 15:47 | Create | Villager (Male) |
| 15:48 | Create | Villager (Male) |
| 15:49 | Create | Villager (Male) |
| 15:59 | Build | Farm |
| 16:06 | Build | Farm |
| 16:25 | Create | Villager (Male) |
| 16:37 | Build | Farm |
| 16:42 | Create | Villager (Male) |
| 16:58 | Create | Villager (Male) |
| 17:01 | Build | Farm |
| 17:26 | Create | Villager (Male) |
| 17:43 | Build | Palisade Wall |
| 17:44 | Build | Palisade Wall |
| 17:57 | Build | Mill |
| 17:58 | Build | Farm |
| 17:59 | Build | Farm |
| 17:59 | Build | Farm |
| 17:59 | Build | Farm |
| 18:00 | Build | Farm |
| 18:01 | Build | Farm |
| 18:07 | Build | Farm |
| 18:09 | Build | Farm |
| 18:09 | Build | Farm |
| 18:59 | Create | Villager (Male) |
| 19:00 | Create | Villager (Male) |
| 19:03 | Build | Farm |
| 19:19 | Research | Forging |
| 19:26 | Build | Archery Range |
| 19:27 | Build | Archery Range |
| 20:07 | Create | Skirmisher |
| 20:07 | Create | Skirmisher |
| 20:07 | Create | Skirmisher |
| 21:49 | Build | House |
| 21:52 | Build | House |
| 21:59 | Build | Farm |
| 22:06 | Build | Mining Camp |
| 22:21 | Build | Mining Camp |
| 22:28 | Build | Palisade Wall |
| 22:31 | Build | Palisade Wall |
| 22:43 | Research | Castle Age |
| 22:48 | Build | Farm |
| 22:50 | Build | Farm |
| 23:59 | Build | Barracks |
| 24:00 | Build | Barracks |
| 24:01 | Build | Barracks |
| 24:16 | Create | Villager (Male) |
| 24:17 | Create | Villager (Male) |
| 24:18 | Create | Villager (Male) |
| 25:23 | Create | Villager (Male) |
| 25:32 | Build | Town Center |
| 25:36 | Research | Bow Saw |
| 25:42 | Create | Villager (Male) |
| 25:56 | Research | Pikeman (upgrade) |
| 25:58 | Research | Squires |
| 26:16 | Create | Villager (Male) |
| 26:42 | Research | Wheelbarrow |
| 26:45 | Create | Villager (Male) |
| 26:45 | Create | Villager (Male) |
| 26:45 | Create | Villager (Male) |
| 26:46 | Create | Villager (Male) |
| 27:23 | Research | Long Swordsman (upgrade) |
| 27:24 | Create | Militia |
| 27:24 | Create | Militia |
| 27:25 | Create | Militia |
| 27:32 | Research | Chain Mail Armor |
| 27:32 | Research | Iron Casting |
| 27:35 | Create | Villager (Male) |
| 27:36 | Create | Villager (Male) |
| 27:39 | Create | Villager (Male) |
| 27:54 | Create | Villager (Male) |
| 28:04 | Build | Palisade Gate |
| 28:14 | Build | Town Center |
| 28:42 | Build | Monastery |
| 28:46 | Build | Palisade Gate |
| 28:49 | Create | Villager (Male) |
| 28:50 | Create | Villager (Male) |
| 28:51 | Create | Villager (Male) |
| 28:51 | Create | Villager (Male) |
| 28:58 | Research | Heavy Plow |
| 29:15 | Build | Palisade Gate |
| 29:18 | Create | Villager (Male) |
| 29:27 | Create | Skirmisher ×4 |
Match timeline
| 4:16 | postfontaine · wall_segment Palisade Wall x4 |
| 5:37 | postfontaine · wall_segment Palisade Wall x6 |
| 6:07 | postfontaine · wall_segment Palisade Wall x3 |
| 7:16 | postfontaine · wall_segment Palisade Wall x3 |
| 7:20 | Tw3nty9 · first_building Barracks |
| 7:20 | Firestorm1043 · first_building Barracks |
| 7:22 | postfontaine · wall_segment Palisade Wall x4 |
| 7:54 | postfontaine · wall_segment Palisade Wall x4 |
| 8:05 | postfontaine · wall_segment Palisade Wall x3 |
| 8:25 | postfontaine · wall_segment Palisade Wall x8 |
| 8:26 | Hero · first_building Barracks |
| 8:27 | postfontaine · wall_segment Palisade Wall x4 |
| 8:37 | Firestorm1043 · wall_segment Palisade Wall x14 |
| 8:38 | postfontaine · wall_segment Palisade Wall x4 |
| 9:23 | postfontaine · wall_segment Palisade Wall x6 |
| 9:23 | Hero · age_up feudal |
| 9:34 | Hero · first_building Stable |
| 9:36 | postfontaine · wall_segment Palisade Wall x7 |
| 9:48 | postfontaine · wall_segment Palisade Wall x2 |
| 9:49 | postfontaine · wall_segment Palisade Wall x1 |
| 10:53 | postfontaine · age_up feudal |
| 10:59 | postfontaine · first_building Barracks |
| 11:07 | femust · first_building Barracks |
| 11:16 | Firestorm1043 · wall_segment Palisade Wall x5 |
| 11:20 | femust · age_up feudal |
| 11:41 | Tw3nty9 · age_up feudal |
| 11:51 | postfontaine · first_building Archery Range |
| 12:02 | Firestorm1043 · wall_segment Palisade Wall x11 |
| 12:27 | femust · wall_segment Palisade Wall x6 |
| 13:32 | Tw3nty9 · first_building Archery Range |
| 13:45 | femust · wall_segment Palisade Wall x12 |
| 14:37 | Firestorm1043 · wall_segment Palisade Wall x11 |
| 14:41 | Firestorm1043 · wall_segment Palisade Wall x20 |
| 14:52 | femust · wall_segment Palisade Wall x3 |
| 14:59 | JuaNSoSi · resign |
| 15:24 | Firestorm1043 · first_building Archery Range |
| 15:55 | postfontaine · wall_segment Palisade Wall x1 |
| 16:25 | femust · wall_segment Palisade Wall x17 |
| 16:47 | Hero · first_market_sell 100 wood |
| 17:43 | Firestorm1043 · wall_segment Palisade Wall x5 |
| 17:44 | Firestorm1043 · wall_segment Palisade Wall x4 |
| 17:46 | femust · wall_segment Palisade Wall x1 |
| 18:10 | Hero · wall_segment Palisade Wall x1 |
| 18:22 | Hero · first_market_buy 100 food |
| 18:28 | femust · wall_segment Palisade Wall x4 |
| 18:38 | femust · wall_segment Palisade Wall x14 |
| 18:54 | femust · age_up castle |
| 20:42 | Tw3nty9 · first_market_sell 100 wood |
| 20:48 | Tw3nty9 · first_market_buy 100 food |
| 21:10 | femust · wall_segment Palisade Wall x1 |
| 22:08 | femust · wall_segment Palisade Wall x9 |
| 22:28 | Firestorm1043 · wall_segment Palisade Wall x10 |
| 22:31 | Firestorm1043 · wall_segment Palisade Wall x8 |
| 23:27 | Hero · age_up castle |
| 23:53 | postfontaine · age_up castle |
| 24:08 | Hero · first_building Archery Range |
| 24:11 | femust · first_market_buy 100 stone |
| 24:13 | Tw3nty9 · age_up castle |
| 24:41 | postfontaine · first_building Siege Workshop |
| 25:03 | postfontaine · wall_segment Stone Wall x8 |
| 26:04 | postfontaine · first_market_sell 100 food |
| 26:05 | postfontaine · first_market_buy 100 wood |
| 26:32 | Tw3nty9 · first_building Siege Workshop |
| 26:46 | femust · first_building Monastery |
| 27:13 | femust · wall_segment Palisade Wall x6 |
| 27:23 | Hero · first_building Monastery |
| 27:31 | femust · first_building Siege Workshop |
| 27:32 | postfontaine · wall_segment Stone Wall x12 |
| 27:35 | postfontaine · wall_segment Stone Wall x14 |
| 28:04 | femust · first_market_sell 100 wood |
| 28:26 | femust · first_building Castle |
| 28:42 | Firestorm1043 · first_building Monastery |
| 30:32 | postfontaine · wall_segment Stone Wall x11 |
| 30:34 | postfontaine · wall_segment Stone Wall x12 |
| 30:55 | postfontaine · wall_segment Stone Wall x5 |
| 30:58 | postfontaine · wall_segment Stone Wall x5 |
| 31:48 | postfontaine · wall_segment Stone Wall x3 |
| 33:37 | Firestorm1043 · first_building Castle |
| 33:44 | postfontaine · wall_segment Stone Wall x2 |
| 34:05 | Tw3nty9 · first_building Castle |
| 34:48 | postfontaine · wall_segment Stone Wall x1 |
| 35:05 | Hero · first_building Castle |
| 36:12 | Firestorm1043 · first_building Siege Workshop |
| 37:11 | Hero · age_up imperial |
| 37:15 | femust · first_building Stable |
| 37:27 | postfontaine · wall_segment Stone Wall x10 |
| 39:10 | postfontaine · age_up imperial |
| 40:47 | femust · age_up imperial |
| 42:19 | postfontaine · first_building Castle |
[ AI ANALYSIS · 1 CREDIT ]
What really happened in this match?
Wolo.gg analyzes every decision: build order, eco, micro, common mistakes by bracket. Personalized analysis on WhatsApp or Discord in 30 seconds.
Civ guide
Koreans
Perfil
postfontaine